Map: Ulrena

Players

capac

  • Race: Terran Terran
  • League: Gold

VincentVega - Winner!

  • Race: Zerg Zerg
  • League: Gold

VOD

Have the link to the VOD?

Description

Time

  • Played on: April 27, 2016, 2:36 p.m.
  • Length: 13:50
Show
View Real Time Build Order
Export as new Build Order

capac Terran 

Build Orders: MMM Bio 

Get SALT Encoding   

  12  0:01  SCV  
  13  0:13  SCV  
  14  0:18  Supply Depot  
  14  0:25  SCV  
  15  0:39  SCV  
  15  0:41  Barracks  
  16  0:44  Refinery  
  16  0:53  SCV  
  17  1:05  SCV  
  18  1:17  SCV  
  19  1:31  Marine  
  20  1:38  Orbital Command  
  20  1:49  Command Center  
  20  1:52  Supply Depot  
  20  1:58  Marine  
  20  2:27  SCV  
  20  2:28  Factory  
  20  2:29  Refinery, Barracks  
  21  2:36  Command Center  
  21  2:39  SCV  
  21  2:42  Marine  
  23  2:53  Bunker  
  23  2:56  SCV  
  24  3:08  SCV  
  24  3:10  Marine  
  26  3:13  Factory Tech Lab  
  26  3:19  Barracks Reactor  
  26  3:22  Barracks  
  26  3:30  Starport  
  26  3:38  Siege Tank  
  29  3:56  Marine x2  
  29  3:58  SCV  
  29  4:00  Marine  
  32  4:10  SCV  
  32  4:12  Medivac  
  32  4:14  Barracks Tech Lab  
  32  4:15  Marine x2  
  37  4:29  Marine  
  37  4:30  SCV  
  39  4:33  Marine  
  40  4:42  SCV  
  39  4:54  SCV  
  40  5:00  Bunker  
  40  5:02  SCV  
  40  5:06  SCV  
  40  5:07  Marine x3  
  42  5:08  Marine  
  42  5:10  Stimpack  
  46  5:24  Supply Depot  
  46  5:26  Supply Depot  
  46  5:29  Medivac  
  46  5:30  Siege Tank  
  46  5:32  Orbital Command  
  51  5:39  SCV  
  52  5:51  SCV  
  52  5:56  Supply Depot  
  53  5:58  SCV  
  53  6:00  Marine  
  53  6:03  Starport Reactor, SCV  
  56  6:10  SCV  
  57  6:15  SCV  
  57  6:17  Refinery  
  57  6:18  Marine x2  
  60  6:20  Marine  
  61  6:32  Marine  
  61  6:35  Marine  
  61  6:36  Siege Tank  
  61  6:39  Liberator x2  
  66  6:47  Supply Depot  
  66  6:48  SCV x2  
  74  7:01  Barracks Reactor  
  74  7:03  SCV x2  
  76  7:08  Barracks  
  76  7:11  Barracks  
  76  7:12  Supply Depot  
  76  7:13  Combat Shields  
  76  7:14  Supply Depot  
  76  7:15  SCV  
  77  7:18  Engineering Bay  
  77  7:32  Supply Depot  
  77  7:39  Marine x3  
  77  7:40  Marine x2  
  77  7:43  SCV x2  
  84  7:51  Medivac x2  
  84  7:53  Supply Depot  
  84  7:57  Supply Depot, Marine x3  
  91  8:04  Refinery  
  91  8:07  Barracks Reactor  
  91  8:09  Barracks Reactor  
  91  8:10  Barracks  
  90  8:38  Marine  
  90  8:39  Marine x2  
  91  8:41  Marine x2  
  93  8:53  Marine x3  
  93  8:55  Siege Tank  
  96  8:56  Terran Infantry Weapons Level 1  
  96  8:58  Supply Depot  
  96  8:59  Barracks Tech Lab  
  96  9:00  Supply Depot  
  96  9:04  SCV  
  96  9:05  Barracks  
  97  9:10  Command Center  
  97  9:23  Starport  
  97  9:37  Marine x2  
  97  9:38  Marine x6  
  101  9:40  Marauder  
  101  9:43  Concussive Shells  
  108  9:55  Marine  
  108  9:58  Barracks Tech Lab  
  107  10:03  Engineering Bay  
  107  10:04  SCV x2  
  109  10:11  Supply Depot  
  109  10:12  Marine  
  109  10:13  Marine x5  
  117  10:14  Marauder x2  
  117  10:15  Supply Depot, Starport Reactor  
  119  10:42  Supply Depot  
  119  10:44  Command Center  
  119  10:49  Armory  
  119  10:52  Terran Infantry Armor Level 1  
  119  10:54  Marauder x3  
  125  11:01  Marine x5  
  130  11:07  Liberator x2  
  130  11:14  SCV x2  
  130  11:16  Orbital Command  
  138  11:31  Liberator  
  138  11:32  Liberator  
  138  11:42  Marauder x3  
  144  11:53  Supply Depot  
  150  11:54  Supply Depot  
  150  12:02  SCV x2  
  152  12:25  Liberator  
  152  12:26  Liberator x2  
  141  12:39  Marine  
  141  12:40  Marauder, Marine x4  
  141  12:41  Marauder x2  
  161  13:02  Marauder x3  
Show
View Real Time Build Order
Export as new Build Order

VincentVega Zerg - Winner!

Build Orders: Pool First 

Get SALT Encoding   

  12  0:04  Drone  
  13  0:10  Drone  
  14  0:16  Extractor  
  14  0:20  Extractor  
  12  0:21  Drone  
  12  0:23  Drone  
  16  0:39  Spawning Pool  
  15  0:44  Extractor  
  15  0:46  Extractor  
  15  0:47  Drone  
  16  0:56  Overlord  
  16  1:15  Hatchery  
  15  1:26  Zergling x6  
  15  1:32  Queen  
  20  1:45  Overlord  
  20  1:49  Zergling x2  
  21  2:00  Zergling x2  
  22  2:39  Drone  
  22  2:40  Hatchery, Drone x4  
  22  2:44  Extractor  
  25  2:47  Extractor  
  24  2:54  Drone x2  
  26  3:04  Drone x2  
  28  3:10  Queen  
  28  3:12  Queen  
  32  3:15  Drone x2  
  34  3:28  Baneling Nest  
  34  3:31  Drone  
  34  3:32  Drone x2  
  36  3:45  Overlord x2  
  36  3:55  Drone x4  
  40  4:12  Zergling x2  
  40  4:13  Zergling x10  
  46  4:23  Evolution Chamber  
  45  4:26  Evolution Chamber  
  45  4:30  Queen  
  46  4:34  Baneling  
  46  4:35  Baneling x3  
  46  4:40  Metabolic Boost  
  39  4:57  Lair  
  39  4:59  Zerg Missile Weapons Level 1  
  39  5:02  Zergling x8  
  39  5:03  Zergling x2  
  39  5:06  Baneling  
  39  5:07  Baneling  
  44  5:19  Drone  
  44  5:20  Drone x4  
  49  5:40  Zergling x2  
  49  5:41  Zergling x16  
  58  5:46  Overlord  
  58  5:50  Baneling  
  58  5:51  Baneling x4  
  58  5:57  Centrifical Hooks  
  58  6:11  Zergling x14  
  59  6:14  Overlord  
  63  6:43  Spire  
  61  6:56  Drone  
  61  6:57  Drone x12  
  74  7:13  Zerg Melee Weapons Level 1  
  74  7:17  Zerg Ground Armor Level 1  
  74  7:18  Overlord x2  
  72  7:35  Infestation Pit  
  71  7:38  Overlord  
  71  7:39  Overlord x2  
  71  7:40  Zergling x14  
  71  7:41  Zergling x10  
  83  7:47  Extractor  
  83  7:49  Extractor  
  81  7:54  Drone  
  81  7:55  Drone x7  
  89  7:59  Extractor  
  89  8:01  Extractor  
  87  8:13  Hive  
  68  8:34  Zergling x2  
  68  8:35  Drone x13  
  68  8:36  Drone x5  
  85  9:07  Drone  
  85  9:08  Drone x3  
  89  9:10  Drone  
  89  9:11  Drone  
  91  9:23  Zerg Melee Weapons Level 2, Zerg Ground Armor Level 2  
  91  9:26  Zergling x2  
  91  9:27  Zergling x16  
  91  9:31  Adrenal Glands  
  98  9:42  Queen  
  99  10:00  Corruptor  
  99  10:01  Corruptor x4  
  109  10:31  Greater Spire  
  109  10:34  Overlord x3  
  109  10:46  Overlord x3  
  109  10:48  Hatchery  
  108  10:52  Queen  
  108  10:55  Corruptor  
  108  10:56  Corruptor x6  
  124  11:14  Corruptor x4  
  132  11:25  Zergling x2  
  133  11:26  Zergling x16  
  141  12:05  Overseer  
  141  12:07  Brood Lord  
  141  12:08  Brood Lord  
  145  12:38  Brood Lord x3  
  145  12:41  Zergling x8  
  145  12:42  Zergling x8  
  145  12:43  Overlord  
  145  12:44  Overlord x4  
  159  12:49  Ultralisk Cavern  
  138  13:10  Zergling x34  
  138  13:11  Zergling x2  
  139  13:30  Zergling x10  
Tags
 
Composition
MMM Bio
League
GoldGold
Matchup
TvZ
Opening
Pool First
Add a new tag
Caveats
  • Supply blocks, unpowered buildings, or Contaminate may cause inaccurate times.
  • Supply counts are checked every 10 seconds.